 Dungeon Crawl Stone Soup version 0.29-a0-266-gf56f883ddd (webtiles) character file.

Game seed: 254523647136816936

16 Astera the Magician (level 2, 0/15 HPs)
             Began as a Tengu Hedge Wizard on Mar 6, 2022.
             Was an Elder of Uskayaw.
             Slain by a bat (1 damage)
             ... on level 1 of the Dungeon.
             The game lasted 00:01:48 (548 turns).

Astera the Magician (Tengu Hedge Wizard)             Turns: 548, Time: 00:01:48

Health: 0/15       AC:  2    Str: 10    XL:     2   Next: 54%
Magic:  2/7        EV: 12    Int: 14    God:    Uskayaw [****..]
Gold:   15         SH:  0    Dex: 13    Spells: 6/7 levels left

rFire   . . .      SeeInvis .   a - +0 dagger
rCold   . . .      Faith    .   (no shield)
rNeg    . . .      Spirit   .   b - +0 robe
rPois   .          Reflect  .   c - +0 hat
rElec   .          Harm     .   (no cloak)
rCorr   .          Rampage  .   (no gloves)
Will    .....                   (boots unavailable)
Stlth   ++........              (no amulet)
HPRegen 0.05/turn               (no ring)
MPRegen 0.10/turn               (no ring)

@: no status effects
A: beak, talons 3
a: Renounce Religion, Stomp, Line Pass


You were on level 1 of the Dungeon.
You worshipped Uskayaw.
Uskayaw was noncommittal.
You visited 1 branch of the dungeon, and saw 1 of its levels.

You collected 15 gold pieces.

Inventory:

Hand Weapons
 a - a +0 dagger (weapon)
Armour
 b - a +0 robe (worn)
 c - a +0 hat (worn)
Scrolls
 e - a scroll of teleportation {unknown}
 f - a scroll of vulnerability {unknown}
 g - a scroll of immolation
 h - a scroll of identify {unknown}
 i - a scroll of enchant weapon {unknown}
 j - 3 scrolls of enchant armour {unknown}
Potions
 d - a potion of magic


   Skills:
 + Level 2.3 Dodging
 + Level 2.2 Stealth
 + Level 3.1 Spellcasting
 + Level 1.9 Conjurations
 + Level 1.6 Summonings
 + Level 1.0 Translocations


You had 6 spell levels left.
You knew the following spells:

 Your Spells              Type           Power      Damage    Failure   Level
a - Magic Dart            Conj           28%        1d4       10%         1

Your spell library contained the following spells:

 Spells                   Type           Power      Damage    Failure   Level
 Call Imp                 Summ           6%         N/A       17%         2
 Blink                    Tloc           10%        N/A       21%         2
 Slow                     Hex            8%         N/A       22%         1
 Conjure Flame            Conj/Fire      4%         6-21      41%         3
 Mephitic Cloud           Conj/Pois/Air  3%         N/A       43%         3


Dungeon Overview and Level Annotations

Branches:
Dungeon (1/15)

Altars:
Uskayaw


Innate Abilities, Weirdness & Mutations

You have a beak for a mouth.
You have claws for feet.


Message History

You hit the dart slug.
The dart slug is severely wounded.
The dart slug misses you.
Uskayaw will force your foes to helplessly watch your dance.
Uskayaw prepares the audience for your solo!
The helpless dart slug fails to defend itself.
You hit the dart slug.
You kill the dart slug!
The endoplasm is no longer paralysed.
The frilled lizard is no longer paralysed.
The kobold is no longer paralysed.
You hit the kobold.
The kobold is moderately wounded.
The kobold closely misses you.
You hit the kobold but do no damage.
The kobold is moderately wounded.
The kobold hits you with a +0 whip.
* * * LOW HITPOINT WARNING * * *
You barely miss the kobold.
The kobold is moderately wounded.
The kobold barely misses you.
You barely miss the kobold. You claw the kobold.
You kill the kobold!
The bat closely misses you.
The frilled lizard unfolds its giant frill.
You hit the bat but do no damage. The bat misses you.
The bat barely misses you.
Okay, then.
Unknown command.
You hit the endoplasm.
You claw the endoplasm, but do no damage.
You peck the endoplasm.
You kill the endoplasm!
The bat hits you but does no damage.
Uskayaw will force your foes to share their pain.
Uskayaw links your audience in an emotional bond!
You hit the frilled lizard.
You kill the frilled lizard!
The bat hits you.
You die...

.....#...#....#
.....#...#....#
.....#...#....# #
..####...#....# .# ..#
#...#....# ..#
..####...#.#'## ..##
.........#.#.# ...!.
..########.#.#####....##
...............†@b......
.#.#.#############....##
.#.# .. ...# .#.# ## ..#
.#.# ... .#.# .. .#.#
#... . .#.. ... #..#
.#####.#### #..#


You could see a bat (pain bonded).

Vanquished Creatures
  A dart slug (D:1)
  An endoplasm (D:1)
  2 goblins (D:1)
  3 hobgoblins (D:1)
  3 ball pythons (D:1)
  A frilled lizard (D:1)
  2 kobolds (D:1)
  A rat (D:1)
14 creatures vanquished.

Notes
Turn   | Place    | Note
-------+----------+-------------------------------------------
     0 | D:1      | Astera the Tengu Hedge Wizard began the quest for the Orb.
     0 | D:1      | Reached XP level 1. HP: 10/10 MP: 5/5
    15 | D:1      | Found a faded altar of an unknown god.
    25 | D:1      | Prayed at the altar of an unknown god.
    25 | D:1      | Became a worshipper of Uskayaw the Reveller
    25 | D:1      | Reached * piety under Uskayaw
    45 | D:1      | Reached ** piety under Uskayaw
    50 | D:1      | Reached *** piety under Uskayaw
   139 | D:1      | Reached skill level 1 in Translocations
   437 | D:1      | Reached XP level 2. HP: 15/15 MP: 2/7
   547 | D:1      | Reached **** piety under Uskayaw
   548 | D:1      | Slain by a bat

Illustrated notes

Levels and vault maps discovered:
D:1:      minmay_arrival_semitransparent, layout_basic,
          hellmonk_ecumenical_altar_blasted

Skill      XL: |  1 |
---------------+----+-----
Translocations | 1 |  1.0
Dodging        | |  2.3
Stealth        | |  2.2
Spellcasting   | |  3.1
Conjurations   | |  1.9
Summonings     | |  1.6

Action                   || total
-------------------------++-------
Melee: Dagger            ||    29
       Kick              ||     8
       Peck              ||     1
 Cast: Magic Dart        ||    12
 Stab: Paralysed         ||     1
Armor: Robe              ||     2
Dodge: Dodged            ||    17

Table legend: (Time is in decaauts)
 A = Elapsed time spent in this place.
 B = Non-inter-level travel time spent in this place.
 C = Inter-level travel time spent in this place.
 D = Time resting spent in this place.
 E = Time spent auto-exploring this place.
 F = Levels seen in this place.
 G = Mean time per level.
                   A        B        C        D        E       F      G
               +--------+--------+--------+--------+--------+-----+--------+
         Total |    548 |    548 |      0 |    225 |    129 |   1 |  548.0 |
       Dungeon |    548 |    548 |      0 |    225 |    129 |   1 |  548.0 |
               +--------+--------+--------+--------+--------+-----+--------+

Top non-repeatable levels by time:
     D:1: 548 daAuts
